 Dungeon Crawl Stone Soup version 0.27-b1-41-gafb5482f4b (webtiles) character file.

Game seed: 13479074616722098426

51 snetch the Magician (level 4, 0/31 HPs)
             Began as a Djinni Fire Elementalist on July 28, 2021.
             Was a Follower of Nemelex Xobeh.
             Killed from afar by Sigmund (6 damage)
             ... with a magic dart
             ... on level 3 of the Dungeon.
             The game lasted 00:06:23 (2019 turns).

snetch the Magician (Djinni Fire Elementalist)      Turns: 2019, Time: 00:06:24

Health: 0/31       AC:  2    Str:  7    XL:     4   Next: 5%
Gold:   7          EV: 11    Int: 18    God:    Nemelex Xobeh [*.....] SH:  0 Dex: 13

rFire    + + .     SeeInvis .   c - +2 dagger (flame)
rCold    x . .     Faith    .   o - +0 buckler
rNeg     . . .     Spirit   .   a - +0 robe
rPois    ∞         Reflect  .   (no helmet)
rElec    .         Harm     .   (no cloak)
rCorr    .         Rampage  .   (no gloves)
Will     .....                  (boots unavailable)
Stlth    +.........             (no amulet)
HPRegen  0.10/turn              (no ring)
MPRegen  0.00/turn              (no ring)

@: confused, flying
A: sickness immunity, fire resistance 2, cold vulnerability 1, float, innate
caster, hp casting, extra vitality 1
a: Renounce Religion, Draw Escape, Draw Destruction, Draw Summoning


You were on level 3 of the Dungeon.
You worshipped Nemelex Xobeh.
Nemelex Xobeh was aware of your devotion.
You visited 1 branch of the dungeon, and saw 3 of its levels.

You collected 64 gold pieces.
You spent 57 gold pieces at shops.

Inventory:

Hand Weapons
 c - a +2 dagger of flaming (weapon)
Missiles
 b - 17 arrows
 e - 6 poisoned darts
 q - 6 datura-tipped darts
 r - 19 stones
Armour
 a - a +0 robe (worn)
 l - a +0 ring mail
 o - a +0 buckler (worn)
Wands
 t - a wand of digging (1)
Scrolls
 g - a scroll of fear {unknown}
 h - 3 scrolls of identify {unknown}
 i - a scroll of noise {unknown}
 j - a scroll of teleportation {unknown}
 k - a scroll of blinking {unknown}
 p - a scroll of fog {unknown}
Potions
 d - a potion of might {unknown}
 f - 4 potions of attraction {unknown}
 m - a potion of curing {unknown}
 n - a potion of brilliance {unknown}
 s - a potion of mutation {unknown}


   Skills:
 + Level 2.5 Dodging
 + Level 1.9 Stealth
 + Level 3.4 Spellcasting


You couldn't memorise any spells.
You knew the following spells:

 Your Spells              Type           Power      Damage    Failure   Level
a - Foxfire               Conj/Fire      60%        2x1d7     6%          1
b - Conjure Flame         Conj/Fire      15%        6-21      19%         3
c - Inner Flame           Hex/Fire       15%        N/A       19%         3
d - Sticky Flame          Conj/Fire      15%        2d4       54%         4
e - Fireball              Conj/Fire      7%         3d5       87%         5
f - Shock                 Conj/Air       60%        1d6       6%          1
Your spell library was empty.

Dungeon Overview and Level Annotations

Branches:
Dungeon (3/15)

Altars:
Nemelex Xobeh

Shops:
D:2 *(

Annotations:
D:3 Grinder, Sigmund


Innate Abilities, Weirdness & Mutations

You are immune to sickness and miasma.
You are immune to poison.
Your flesh is very heat resistant. (rF++)
You are vulnerable to cold. (rC-)
You float through the air rather than walking.
You learn spells naturally, not from books.
Your magical power is your life essence.
You have superior vitality. (+4 HP)


Message History

You kill the adder!
You have reached level 4!
You feel clever.
Your foxfire dissipates! x2
Your foxfire dissipates!
Sigmund is nearby!
You conjure some foxfire!
Sigmund shouts!
Sigmund casts a spell at you.
You are confused.
You're too confused to cast spells.
You're too confused to cast spells.
Press: ? - help, v - describe, . - travel
Here: Sigmund, wielding a +0 scythe and wearing a +0 robe (ally target)
The floor.
You hit your foxfire.
Your foxfire is lightly damaged.
The foxfire hits Sigmund!
Sigmund is moderately wounded.
The foxfire hits Sigmund.
Sigmund is moderately wounded.
Sigmund gestures at you while chanting.
You are more confused.
You bump into the rock wall.
Sigmund casts a spell at you. The magic dart hits you.
Sigmund screams, "Die, monster!"
You bump into the rock wall.
Sigmund hits you from afar with a +0 scythe.
You bump into the rock wall.
Sigmund mumbles some strange words.
Sigmund flickers and vanishes!
Deactivating autopickup; reactivate with Ctrl-A.
Something hits you!
* * * LOW HITPOINT WARNING * * *
You're too confused to move!
A magic dart appears from out of thin air!
The magic dart hits you.
You die...
Your body disappears without a glow.

#..#. ....
......#..
...#.....
.........
##†.#.... .†....
######..#
#.†@.{..# .
#.####.###.......
#..<##.# #....#.#
######.#
#....#.#### #.#
#..........
..............#
..?........##.#
........#..##.#
#..........†.<.#


There were no monsters in sight!

Vanquished Creatures
  An adder (D:3)
  A worm (D:2)
  3 dart slugs
  3 ball pythons
  6 bats
  3 endoplasms (D:1)
  A giant cockroach (D:1)
  2 goblins (D:1)
  3 hobgoblins
  3 frilled lizards
  3 kobolds (D:1)
  4 rats
33 creatures vanquished.

Vanquished Creatures (collateral kills)
  A foxfire (D:2)
1 creature vanquished.

Vanquished Creatures (others)
  118 foxfires
118 creatures vanquished.

Grand Total: 152 creatures vanquished

Notes
Turn   | Place    | Note
-------+----------+-------------------------------------------
     0 | D:1      | snetch the Djinni Fire Elementalist began the quest for the
                  | Orb.
     0 | D:1      | Reached XP level 1. HP: 15/15 MP: 0/0
   246 | D:1      | Reached XP level 2. HP: 18/21 MP: 0/0
   602 | D:1      | Reached skill level 3 in Spellcasting
   679 | D:1      | Reached XP level 3. HP: 19/25 MP: 0/0
   679 | D:1      | Learned a level 1 spell: Shock
   767 | D:1      | Found a faded altar of an unknown god.
   778 | D:1      | Became a worshipper of Nemelex Xobeh the Trickster
   778 | D:1      | Reached * piety under Nemelex Xobeh
  1302 | D:2      | Received a gift from Nemelex Xobeh
  1406 | D:2      | Found Pyxker's Antique Weapon Shoppe.
  1462 | D:2      | Found Fuanuys's Assorted Antiques.
  1475 | D:2      | Bought a silvery potion for 18 gold pieces
  1475 | D:2      | Bought a lumpy blue potion for 18 gold pieces
  1475 | D:2      | Bought a scroll labelled TALO NAADGHOYTS for 21 gold pieces
  1834 | D:3      | Noticed Grinder
  1834 | D:3      | Noticed Sigmund
  1975 | D:3      | Reached XP level 4. HP: 21/31 MP: 0/0
  2019 | D:3      | Killed from afar by Sigmund

Illustrated notes

Levels and vault maps discovered:
D:1:      minmay_arrival_stone_box, layout_basic, ebering_ecumenical_altar_webs
D:2:      layout_loops_ring, serial_shops, nicolae_shop_overgrown_old_shop,
          shop, minmay_misc_feat_square, kennysheep_generic_room_10
D:3:      layout_basic, uniq_sigmund, uniq_grinder, uniq_natasha

Skill      XL: |  1  2 |
---------------+-------+-----
Spellcasting   | 3 |  3.4
Dodging        | |  2.5
Stealth        | |  1.9

Action                   |  1- 3 |  4- 6 || total
-------------------------+-------+-------++-------
Melee: Unarmed           |     1 |       ||     1
       Dagger            |     1 |     1 ||     2
 Cast: Foxfire           |    74 |     1 ||    75
Armor: Robe              |     8 |       ||     8
Dodge: Dodged            |    10 |       ||    10
Block: Buckler           |     2 |       ||     2
